 Dungeon Crawl Stone Soup version 0.31-a0-574-g69dc8cc98e (webtiles) character file.

Game seed: 1706475491383360623

47 thirtiethelement the Insei (level 3, -3/26 HPs)
             Began as a Demonspawn Shapeshifter on Aug 19, 2023.
             Shot with a sling bullet by a goblin (17 damage)
             ... on level 2 of the Dungeon.
             The game lasted 00:02:53 (1595 turns).

thirtiethelement the Insei (DsSh)                   Turns: 1595, Time: 00:02:54

Health: -3/26      AC:  6    Str: 15    XL:     3   Next: 48%
Magic:  3/3        EV: 11    Int:  9    God:
Gold:   72         SH:  0    Dex: 15    Spells: 2/2 levels left

rFire   . .          .
                       - Unarmed
rCold   . . .        (no shield)
rNeg    + . .        e - +1 ring mail {rN+}
rPois   .            (helmet currently unavailable)
rElec   .            (cloak currently unavailable)
rCorr   .            (gloves currently unavailable)
SInv    .            (boots currently unavailable)
Will    .....        (no amulet)
Stlth   +            (no ring)
HPRegen 0.24/turn    (no ring)
MPRegen 0.08/turn

%: no passive effects
@: beast-form
A: beast (slay +2), antennae 1, demonic guardian 1
a: Begin Untransformation


You were on level 2 of the Dungeon.
You were a hulking beast.
You visited 1 branch of the dungeon, and saw 2 of its levels.

You collected 72 gold pieces.

Inventory:

Armour
 e - a +1 ring mail of positive energy (worn)
Talismans
 c - a beast talisman (active)
 d - a flux talisman
Scrolls
 f - a scroll of revelation
 h - a scroll of enchant weapon
 i - a scroll of brand weapon
Potions
 b - a potion of lignification
 g - a potion of resistance {unknown}
 j - a potion of enlightenment {unknown}


   Skills:
 + Level 1.1 Fighting
 + Level 0.7 Armour
 + Level 1.9 Dodging
 + Level 3.4 Unarmed Combat
 + Level 3.0 Shapeshifting


You had 2 spell levels left.
You didn't know any spells.
Your spell library was empty.

Dungeon Overview and Level Annotations

Branches:
Dungeon (2/15)

Altars:


Innate Abilities, Weirdness & Mutations

You are a hulking beast.
Your limbs bulge with bestial killing power. (Slay +2)
You have a pair of small antennae on your head.
A weak demonic guardian rushes to your aid.


Message History

You kill the ball python!
No target in view!
You sense a monster nearby.
You now have 72 gold pieces (gained 17).
You see here 4 stones.
No target in view!
A kobold and a dart slug come into view.
The kobold shouts!
You barely miss the kobold. The kobold closely misses you.
You hit the kobold but do no damage.
A goblin comes into view. It is wielding a +0 club.
The kobold misses you.
You miss the kobold.
The goblin shouts!
The goblin unwields a +0 club.
The goblin wields a +1 sling of electrocution.
You hear the crackle of electricity.
The goblin shoots a sling bullet.
The sling bullet hits you but does no damage.
The kobold misses you.
You hit the kobold.
You kill the kobold!
You hit the dart slug.
The dart slug is heavily wounded.
The goblin shoots a sling bullet.
The sling bullet hits you but does no damage.
The dart slug launches a dart at you.
The slug dart hits you but does no damage.
You hit the dart slug.
You kill the dart slug!
The goblin shoots a sling bullet.
The sling bullet closely misses you.
The goblin shoots a sling bullet.
The sling bullet hits you but does no damage.
You are electrocuted!
The goblin shoots a sling bullet.
The sling bullet misses you.
The goblin shoots a sling bullet.
The sling bullet hits you but does no damage.
You are electrocuted!
Ouch! That really hurt!
You die...

.# ..# . #.#
#.##.# #. #.#..##
.. #....## #
.###....##.#
.#......g.#
#.#(..h#
##.##...####
#..)#......#
#....##.#####
#...#.#.##.#...#
##.##...##.#.#.##
#[
....##.#....### #
#....##.###....#
..#####........#


You could see a goblin.

Vanquished Creatures
  A dart slug (D:2)
  5 endoplasms
  4 giant cockroaches (D:1)
  2 hobgoblins (D:1)
  4 quokkas (D:1)
  6 ball pythons
  3 bats (D:1)
  A frilled lizard (D:1)
  4 goblins (D:1)
  4 kobolds
  5 rats (D:1)
39 creatures vanquished.

Notes
Turn   | Place    | Note
-------+----------+-------------------------------------------
     0 | D:1      | thirtiethelement the Demonspawn Shapeshifter began the
                  | quest for the Orb.
     0 | D:1      | Reached XP level 1. HP: 15/15 MP: 1/1
   701 | D:1      | Gained mutation: You have a pair of small antennae on your
                  | head. [demonic ancestry]
   701 | D:1      | Reached XP level 2. HP: 21/21 MP: 2/2
  1126 | D:1      | Gained mutation: A weak demonic guardian rushes to your
                  | aid. [demonic ancestry]
  1126 | D:1      | Reached XP level 3. HP: 26/26 MP: 3/3
  1595 | D:2      | Shot with a sling bullet by a goblin

Illustrated notes

Levels and vault maps discovered:
D:1:      arrival_zaba_pyramid, layout_basic, st_stairs_4,
          minmay_misc_feat_pillars
D:2:      layout_basic, basic_ecumenical_altar, serial_shops,
          nicolae_shop_just_a_little_nook, minmay_ruptured

Skill      XL: |  1  2 |
---------------+-------+-----
Unarmed Combat | 3 |  3.4
Shapeshifting  | 3 |  3.0
Fighting       | |  1.1
Armour         | |  0.7
Dodging        | |  1.9

Action                     || total
---------------------------++-------
  Melee: Unarmed           ||    92
         Punch             ||     7
    Use: Scroll            ||     3
 Armour: Ring mail         ||    38
  Dodge: Dodged            ||    50

Table legend: (Time is in decaauts)
 A = Elapsed time spent in this place.
 B = Non-inter-level travel time spent in this place.
 C = Inter-level travel time spent in this place.
 D = Time resting spent in this place.
 E = Time spent auto-exploring this place.
 F = Levels seen in this place.
 G = Mean time per level.
                   A        B        C        D        E       F      G
               +--------+--------+--------+--------+--------+-----+--------+
         Total |   1589 |   1560 |     29 |    600 |    723 |   2 |  794.5 |
       Dungeon |   1589 |   1560 |     29 |    600 |    723 |   2 |  794.5 |
               +--------+--------+--------+--------+--------+-----+--------+

Top non-repeatable levels by time:
     D:1: 1538 daAuts
     D:2: 51 daAuts
